[Event "*** Titled Tuesday Blitz"]
[Site "Chess.com"]
[Date "2019.06.04"]
[Round "9"]
[White "SimonKnightRivendell"]
[Black "tteshan"]
[Result "0-1"]
[WhiteElo "1993"]
[BlackElo "2250"]
[TimeControl "180+2"]
[EndTime "15:07:15 PDT"]
[Termination "tteshan won by checkmate"]

1. d4 d5 2. c4 dxc4 3. e4 e5 4.
d5 Nf6 5. Nc3 c6 6. Bxc4 b5 7.
Bb3 b4 8. Nce2 Bb7 9. Bg5 Be7 10. Nf3 cxd5 11. Bxf6 gxf6 12. exd5 Qd6 13. Nh4 Nd7 14. Nf5 Qb6 15. Ng7+ Kf8 16. Nf5 Rg8 17. O-O Rc8 18.
Neg3 Rg5 19. h4 Rg8 20. Qd2 Ke8 21. Nxe7 Kxe7 22. Nf5+ Ke8 23. Rac1 Nc5 24. Rxc5 Rxc5 25. Ba4+ Kd8 26. Ne3 Rc8 27. g3 a5 28. b3 Qd4 29. Qe2 Kc7 30. d6+ Kb8 31. Nf5 Qd5 32. f3 Qe6 33. Ne7 Rxg3+ 34. Kf2 Qh3 35. Nxc8 Rg2+ 36.
Ke3 Rxe2+ 37. Kxe2 Ba6+ 38. Ke3 Qxf1 39. d7 Qe2# 0-1

[Event "*** Titled Tuesday Blitz"]
[Site "Chess.com"]
[Date "2019.06.04"]
[Round "9"]
[White "NateSolon"]
[Black "Barcelona_Guy"]
[Result "1-0"]
[WhiteElo "2510"]
[BlackElo "2658"]
[TimeControl "180+2"]
[EndTime "15:07:18 PDT"]
[Termination "NateSolon won by resignation"]

1. d4 Nf6 2. Bg5 d5 3. Nd2 c5 4. dxc5 e6 5. e4 h6 6. Bh4 dxe4 7. Qe2 Bxc5 8. O-O-O Be7 9. Nxe4 Qa5 10. Nxf6+ Bxf6 11. Bxf6 gxf6 12. Kb1 Nc6 13. Nf3 Bd7 14. Nd2 Ke7 15.
Nc4 Qc5 16. g3 Rhd8 17. Bg2 Be8 18. b3 Rac8 19. Qe3 Qxe3 20. Nxe3 b5 21. c3 Ne5 22.
Rxd8 Rxd8 23. Kc2 Nd3 24. Rf1 Nc5 25. h4 f5 26. Bf3 f6 27. Re1 Bg6 28. Nd5+ Kf7 29.
Nf4 Bh7 30. Bh5+ Ke7 31. b4 Ne4 32. f3 e5 33. fxe4 exf4 34. exf5+ Kf8 35. g4 Bg8 36.
Rf1 Rd6 37. Rxf4 Bxa2 38. Rd4 Rxd4 39. cxd4 Ke7 40. Kd3 Kd6 41. Be8 Bc4+ 42. Ke3 Ke7 43. Bc6 Kd6 44. Be4 Bf7 45. Kf4 Ba2 46.
g5 fxg5+ 47. hxg5 hxg5+ 48. Kxg5 Kc7 49. f6 a5 50. bxa5 b4 51. d5 b3 52. f7 1-0

[Event "*** Titled Tuesday Blitz"]
[Site "Chess.com"]
[Date "2019.06.04"]
[Round "9"]
[White "Tacticalon"]
[Black "BillieKimbah"]
[Result "1-0"]
[WhiteElo "2741"]
[BlackElo "2805"]
[TimeControl "180+2"]
[EndTime "15:07:20 PDT"]
[Termination "Tacticalon won by resignation"]

1. d4 Nf6 2. c4 e6 3. Nc3 Bb4 4. e3 O-O 5. Ne2 Re8 6. a3 Bf8 7. Ng3 d6 8. Bd3 e5 9. d5 a5 10. O-O g6 11. e4 Bg7 12. Be3 Ng4 13. Bd2 Na6 14. h3 Nf6 15. b3 Bd7 16. Be3 h5 17. Bc2 Rf8 18. Rb1 Nh7 19. Qd2 Bf6 20. Nge2 Bg5 21. f4 exf4 22. Nxf4 Qe7 23. Rbe1 Rae8 24. Nd3 Bxe3+ 25. Rxe3 Qh4 26. Rf4 Qg5 27. Ne2 Re7 28.
Qxa5 f5 29. e5 dxe5 30. Nxe5 Be8 31. Rg3 Qh6 32. d6 cxd6 33. Qd5+ Kh8 34. Qxd6 Rg7 35.
Rxf5 Rxf5 36. Bxf5 h4 37. Rxg6 Qe3+ 38. Kf1 Bxg6 39.
Nxg6+ Kg8 40. Be6+ Rf7+ 41. Bxf7+ Kxf7 42. Ne5+ Kg7 43. Qg6+ 1-0

[Event "*** Titled Tuesday Blitz"]
[Site "Chess.com"]
[Date "2019.06.04"]
[Round "9"]
[White "TigranLPetrosyan"]
[Black "rasmussvane"]
[Result "0-1"]
[WhiteElo "2844"]
[BlackElo "2897"]
[TimeControl "180+2"]
[EndTime "15:07:22 PDT"]
[Termination "rasmussvane won on time"]

1. Nf3 d5 2. g3 g6 3. Bg2 Bg7 4. d4 Nf6 5. c4 dxc4 6. Na3 c5 7.
O-O O-O 8. Nxc4 Be6 9. Nfe5 Qc8 10. d5 Bh3 11. f3 Bxg2 12. Kxg2 Rd8 13. e4 b5 14. Ne3 e6 15. a4 exd5 16. exd5 Qb7 17. Qb3 Nxd5 18. Nxd5 Rxd5 19. Nc4 b4 20. Be3 Nc6 21.
Rad1 Rad8 22. Rxd5 Rxd5 23. Rd1 Bd4 24. Bh6 Qe7 25.
Qc2 Qf6 26. Qe4 Qe6 27. h4 Qxe4 28. fxe4 Rd7 29. b3 Re7 30. Kf3 Ne5+ 31. Nxe5 Rxe5 32.
Bf4 Re6 33. Be3 Rc6 34. Rc1 Bc3 35. Rd1 a6 36. Rd5 c4 37. bxc4 Rxc4 38. Bh6 Rc8 39. Rd6 b3 40. Rxa6 Rb8 41. Bf4 b2 0-1

[Event "*** Titled Tuesday Blitz"]
[Site "Chess.com"]
[Date "2019.06.04"]
[Round "9"]
[White "NicoChasin"]
[Black "PaulfromSPb"]
[Result "0-1"]
[WhiteElo "2465"]
[BlackElo "2672"]
[TimeControl "180+2"]
[EndTime "15:07:22 PDT"]
[Termination "PaulfromSPb won by resignation"]

1. e4 c5 2. Nf3 a6 3. d4 cxd4 4. Nxd4 Nf6 5. Nc3 e5 6. Nb3 Bb4 7. Bd3 d5 8. exd5 e4 9. Bc4 b5 10. Be2 Nxd5 11. Bd2 Bxc3 12. Bxc3 Nxc3 13. Qxd8+ Kxd8 14. bxc3 Bb7 15. Nc5 Bc6 16. a4 bxa4 17. O-O-O+ Kc7 18. Rd4 Rd8 19. Rhd1 Rxd4 20. Rxd4 Nd7 21. Nxd7 Bxd7 22.
Rxe4 a3 23. Bc4 Rb8 24. Bxf7 Rf8 25. Bb3 Rxf2 26. g3 Rxh2 27. Re7 g6 28. Kb1 Kd6 29. Rf7 a5 30. Rf6+ Kc7 31. Ra6 Rg2 32. Rxa5 Rxg3 33. Rxa3 h5 34. Ra7+ Kd6 35. Ra6+ Ke7 36. Ra7 h4 37. Ba4 Rg1+ 38. Kb2 Rd1 39. c4 h3 40. c5 h2 41. Bc6 Ke6 42. Bf3 h1=Q 43. Bxh1 Rxh1 44. Ra6+ Kf5 45. c6 Be6 46. c7 Rh8 47. Kc3 Rc8 48. Ra7 Ke5 49. Kb4 Kd6 50. Ra6+ Kd7 51.
c4 Rxc7 52. c5 Bf5 53. Kc4 Rc6 54. Ra7+ Ke6 55. Kb5 Kd5 0-1

[Event "*** Titled Tuesday Blitz"]
[Site "Chess.com"]
[Date "2019.06.04"]
[Round "9"]
[White "26andrej26"]
[Black "adriangschnitzer"]
[Result "1/2-1/2"]
[WhiteElo "2506"]
[BlackElo "2456"]
[TimeControl "180+2"]
[EndTime "15:07:26 PDT"]
[Termination "Game drawn by repetition"]

1. e4 c6 2. Nc3 d5 3. d4 dxe4 4.
Nxe4 Nf6 5. Nxf6+ exf6 6. c3 Bd6 7. Bd3 O-O 8. Qc2 Re8+ 9. Be3 h5 10. O-O-O Nd7 11. h3 Nb6 12. c4 Bf8 13. Nf3 g6 14. Rhg1 f5 15. Bg5 Qc7 16. Bf6 Bg7 17. Bxg7 Kxg7 18. Qc3 f6 19. Kb1 Be6 20. Nh4 Qf4 21. g4 hxg4 22. hxg4 Rad8 23. d5 cxd5 24. Nxg6 Kxg6 25.
gxf5+ Kf7 26. fxe6+ Rxe6 27. Bg6+ Ke7 28. Qb4+ Kd7 29.
Bc2 Qxc4 30. Rg7+ Kc8 31. Qxc4+ dxc4 32. Rh1 Red6 33. Kc1 Nd5 34. Rhh7 Rb6 35. Be4 Nb4 36. Bxb7+ Kb8 37. Be4 Nxa2+ 38. Kc2 Nb4+ 39. Kc3 Na2+ 40. Kc2 Nb4+ 41. Kc1 Na2+ 42. Kc2 1/2-1/2

[Event "*** Titled Tuesday Blitz"]
[Site "Chess.com"]
[Date "2019.06.04"]
[Round "9"]
[White "Marcus_Harvey"]
[Black "NoGalloNoParty"]
[Result "0-1"]
[WhiteElo "2581"]
[BlackElo "2393"]
[TimeControl "180+2"]
[EndTime "15:07:28 PDT"]
[Termination "NoGalloNoParty won by resignation"]

1. e4 c5 2. Nf3 d6 3. c4 Nc6 4.
Nc3 e5 5. d3 g6 6. a3 Bg7 7. Nd5 Nge7 8. b4 cxb4 9. axb4 O-O 10. b5 Nxd5 11. bxc6 Nb4 12. cxb7 Bxb7 13. Qa4 a5 14. Bd2 Bc6 15. Qd1 f5 16. Ng5 Qe7 17.
f3 h6 18. Nh3 fxe4 19. dxe4 Bxe4 20. Bxb4 axb4 21. fxe4 Qh4+ 22. Kd2 Qxe4 23. Bd3 Qxg2+ 24. Qe2 Qxh3 25. Kc2 Rxa1 26. Rxa1 e4 27. Qxe4 Bxa1 28. Qxg6+ Bg7 29. Qh7+ Kf7 30. Qg6+ Ke7 31. Qxg7+ Rf7 32. Qg1 Qf3 33. Qe1+ Kf8 34. Qxb4 Qf2+ 35. Kb3 Qd4 36. Qb8+ Kg7 37. Bc2 Rf3+ 38. Ka2 Qxc4+ 39. Bb3 Qxb3+ 40.
Qxb3 Rxb3 41. Kxb3 Kf6 42. Kc3 Ke5 43. Kd3 Kd5 44.
Ke3 Kc4 45. h4 h5 46. Kd2 Kd4 47. Kc2 Ke3 48. Kc3 d5 49. Kc2 d4 50. Kd1 Kd3 0-1

[Event "*** Titled Tuesday Blitz"]
[Site "Chess.com"]
[Date "2019.06.04"]
[Round "9"]
[White "ozates"]
[Black "Astaneh"]
[Result "0-1"]
[WhiteElo "2248"]
[BlackElo "2611"]
[TimeControl "180+2"]
[EndTime "15:07:29 PDT"]
[Termination "Astaneh won by resignation"]

1. e4 c6 2. d4 d5 3. Nc3 dxe4 4. Nxe4 Nf6 5. Nxf6+ exf6 6. Bc4 Bd6 7. Qe2+ Be7 8. Nf3 O-O 9. Be3 Re8 10. O-O-O Nd7 11. d5 cxd5 12. Bxd5 Qc7 13. Qc4 Qxc4 14. Bxc4 Ne5 15.
Bd5 Nc6 16. Bxc6 bxc6 17. Rhe1 Bg4 18. Rd4 Be6 19. a3 Bc5 20. Ra4 Bb6 21. Bxb6 axb6 22. Rxa8 Rxa8 23. Nd4 Bd5 24. f3 Kf8 25. Kd2 c5 26. Nb5 Bc6 27. Nc3 f5 28. Re5 g6 29.
b4 cxb4 30. axb4 Ra1 31. b5 Bd7 32. Rd5 Ke7 33. Rd4 Be6 34. Nd5+ Bxd5 35. Rxd5 Rg1 36. Kc3 Rxg2 37. h4 Rg3 38. Rd3 f6 39. Kb4 g5 40.
c4 g4 41. c5 Rxf3 42. Rxf3 bxc5+ 43. Ka5 gxf3 44. b6 Kd7 45. Ka6 f2 46. b7 f1=Q+ 47. Ka7 0-1

[Event "*** Titled Tuesday Blitz"]
[Site "Chess.com"]
[Date "2019.06.04"]
[Round "9"]
[White "axvesik"]
[Black "Alliswell998"]
[Result "1-0"]
[WhiteElo "2401"]
[BlackElo "2412"]
[TimeControl "180+2"]
[EndTime "15:07:33 PDT"]
[Termination "axvesik won by resignation"]

1. e4 c5 2. Nf3 d6 3. d4 cxd4 4.
Nxd4 Nf6 5. Nc3 a6 6. Nb3 Nc6 7. f3 g6 8. Be3 Bg7 9. Qd2 Bd7 10.
O-O-O Rc8 11. g4 Ne5 12. Be2 b5 13. g5 Nh5 14. Bd4 O-O 15. Kb1 a5 16. Nd5 a4 17.
Bb6 Qe8 18. Nd4 e6 19. Ne3 Nf4 20. h4 a3 21. b3 d5 22. h5 Nxh5 23. Ng4 Nxg4 24.
fxg4 Ng3 25. Bf3 dxe4 26. Qh2 Nxh1 27. Rxh1 h6 28. Bxe4 f5 29. gxf5 exf5 30. Bd5+ Kh8 31. gxh6 Be5 32. Qg2 Kh7 33. Nf3 Bf6 34. Re1 Be7 35.
Ng5+ Bxg5 36. Rxe8 Rfxe8 37. Bf2 Re2 38. Qxg5 Rxf2 39.
Qe7+ Kxh6 40. Qh4+ Kg7 41. Qxf2 b4 42. Qd4+ Kh6 43.
Qxb4 g5 44. Qxa3 Be8 45. Qd6+ Kh5 46. Be6 Rc6 47. Qd1+ g4 48. Bxf5 Kg5 49. Qxg4+ Kf6 50. Be4 Ke5 51. Bxc6 Bxc6 52. Qg5+ 1-0

[Event "*** Titled Tuesday Blitz"]
[Site "Chess.com"]
[Date "2019.06.04"]
[Round "9"]
[White "FrenchMonster2002"]
[Black "lexiel"]
[Result "0-1"]
[WhiteElo "2380"]
[BlackElo "2280"]
[TimeControl "180+2"]
[EndTime "15:07:34 PDT"]
[Termination "lexiel won by checkmate"]

1. e4 c5 2. Nc3 Nc6 3. Bb5 Nd4 4. Nf3 e6 5. O-O a6 6. Bd3 Ne7 7. b3 Nec6 8. Nxd4 cxd4 9. Ne2 d5 10. Bb2 dxe4 11.
Bxe4 Bc5 12. c3 dxc3 13. dxc3 Qc7 14. c4 O-O 15. Qd3 f5 16. Bxc6 bxc6 17. Qc3 Bd6 18. f4 c5 19. Rad1 Rf7 20. Rd3 Bb7 21. Rfd1 Bf8 22.
R1d2 Be4 23. Rg3 Rd8 24. h4 Rxd2 25. Qxd2 Rd7 26. Qc3 Qd8 27. Rh3 Rd1+ 28. Kh2 Rd3 29. Rxd3 Bxd3 30. Qe1 Bxe2 31. Qxe2 Qxh4+ 32. Kg1 Qe7 33. Qe5 Qd6 34. Kf2 Kf7 35. Ke2 Qc6 36. Kf2 Qd7 37.
Ke2 Qb7 38. Kf2 Qc6 39. Bc3 Qd7 40. Ke2 Kg6 41. Qe3 h6 42. Qg3+ Kh7 43. Qe3 Qc6 44. Kf2 Qd7 45. Ke2 Bd6 46. Be5 Bxe5 47.
Qxe5 Qc6 48. Kf2 a5 49. Kg3 Kg6 50. Kf2 Kf7 51. Qb8 Qe4 52. Qc7+ Kg6 53. g3 Qc2+ 54. Kf3 Qxa2 55. Qxc5 Qxb3+ 56. Kg2 a4 57. Qb5 Qd1 58. Qe8+ Kh7 59. Qxe6 Qc2+ 60. Kh3 a3 61. Qa6 a2 62. c5 Qb1 63. c6 Qh1# 0-1

[Event "*** Titled Tuesday Blitz"]
[Site "Chess.com"]
[Date "2019.06.04"]
[Round "9"]
[White "Rakesh"]
[Black "HanSchut"]
[Result "0-1"]
[WhiteElo "2236"]
[BlackElo "2190"]
[TimeControl "180+2"]
[EndTime "15:07:34 PDT"]
[Termination "HanSchut won by resignation"]

1. e4 c5 2. c3 g6 3. d4 cxd4 4. cxd4 d5 5. e5 Nc6 6. Nc3 Bg7 7. h3 Nh6 8. f4 Nf5 9. Nf3 Ng3 10. Rg1 Nxf1 11.
Rxf1 O-O 12. Kf2 f6 13. Kg1 fxe5 14. fxe5 Bf5 15. Bg5 Be4 16. Nd2 Rxf1+ 17. Kxf1 Bd3+ 18.
Kg1 Nxd4 19. Nf3 Nxf3+ 20. Qxf3 Bc4 21. Rd1 Bxe5 22. Nxd5 Bxd5 23. Rxd5 Qb6+ 24. Be3 Qxb2 25. Rd2 Qa1+ 26. Rd1 Qc3 27. Qd5+ Kh8 28. Bh6 Bd6 29.
Rf1 Qc5+ 30. Qxc5 Bxc5+ 31. Kh2 Kg8 32. h4 Re8 33. g4 e5 34. Kg2 e4 35. Re1 e3 36.
Kf3 Kf7 37. Ke2 Ke6 38. Rd1 b6 39. Rd3 Kf7 40. a4 Re7 41. h5 Ke8 42. hxg6 hxg6 43. Bxe3 Rxe3+ 44. Rxe3+ Bxe3 45. Kxe3 Kf7 46. Kf4 Kf6 47.
g5+ Ke6 48. Ke4 a6 49. Kd4 b5 50. axb5 axb5 0-1

[Event "*** Titled Tuesday Blitz"]
[Site "Chess.com"]
[Date "2019.06.04"]
[Round "9"]
[White "Msb2"]
[Black "iturrizaga"]
[Result "0-1"]
[WhiteElo "2803"]
[BlackElo "2927"]
[TimeControl "180+2"]
[EndTime "15:07:36 PDT"]
[Termination "iturrizaga won by checkmate"]

1. d4 Nf6 2. c4 e6 3. Nc3 Bb4 4. e3 O-O 5. Bd2 Re8 6. Nf3 d5 7. Rc1 dxc4 8. Bxc4 a6 9. O-O Nbd7 10. Qc2 h6 11. Rfd1 c5 12. d5 Nb6 13. Be2 exd5 14.
a3 Ba5 15. Ne4 Bxd2 16. Nexd2 Nbd7 17. b4 c4 18. Nd4 Ne5 19. N2f3 Ng6 20. Nf5 b5 21. N3d4 Qb6 22. Bf3 Ne5 23. Be2 Bd7 24. Qb2 Rad8 25. h3 Bc8 26. Ng3 Ne4 27. Nxe4 dxe4 28.
Qc3 Nd3 29. Ra1 Qf6 30. f4 exf3 31. Bxd3 cxd3 32. Qxd3 fxg2 33. Kxg2 Bb7+ 34. Kg1 Qg5+ 35. Kf2 Qh4+ 36. Ke2 Be4 37. Qb3 Qxh3 38. Rac1 Bd5 39. Qc3 Bc4+ 40. Kf2 Qh2+ 41. Kf3 Rd6 42. Nf5 Be2# 0-1

[Event "*** Titled Tuesday Blitz"]
[Site "Chess.com"]
[Date "2019.06.04"]
[Round "9"]
[White "SloLev"]
[Black "Filip_Covic"]
[Result "0-1"]
[WhiteElo "2483"]
[BlackElo "2379"]
[TimeControl "180+2"]
[EndTime "15:07:38 PDT"]
[Termination "Filip_Covic won by checkmate"]

1. d4 Nf6 2. Bf4 e6 3. e3 c5 4. c3 cxd4 5. exd4 b6 6. Nf3 Bb7 7. Bd3 Ke7 8. Nbd2 Ke8 9. Nc4 d6 10. Qe2 Be7 11. h4 Kf8 12. h5 h6 13. O-O-O b5 14.
Ne3 a6 15. g4 Nd5 16. Nxd5 Bxd5 17. Kb1 Nd7 18. Rh3 Qa5 19. a3 Rc8 20. g5 hxg5 21. Bxg5 Bxg5 22. Nxg5 Qa4 23. Be4 Qb3 24. Qf3 Nf6 25.
Bxd5 Qxd5 26. Qf4 Rh6 27. Rg1 Qf5+ 28. Qxf5 exf5 29. Rgh1 Re8 30. Re3 Rxe3 31. fxe3 Rxh5 32. Rg1 Ng4 33. Nf3 Nxe3 34. Re1 f4 35. Ng1 g5 36. b3 Rh2 37. a4 g4 38. Ne2 f3 39. Ng3 Nd5 40. c4 Nc3+ 41. Kc1 bxc4 42. bxc4 Rg2 43.
Nf5 f2 44. Rf1 Rg1 45. Ne3 g3 46. Kd2 Rxf1 47. Nxf1 g2 48. Ne3 g1=Q 49. Kxc3 Qe1+ 50. Kd3 Qxe3+ 51. Kxe3 f1=Q 52. Ke4 Qxc4 53. a5 Ke7 54. Kf5 Qxd4 55. Kg5 Ke6 56. Kh6 Kf6 57. Kh7 Qh4+ 58. Kg8 Qh5 59. Kf8 Qh8# 0-1

[Event "*** Titled Tuesday Blitz"]
[Site "Chess.com"]
[Date "2019.06.04"]
[Round "9"]
[White "Chebure"]
[Black "attack2mateU"]
[Result "1-0"]
[WhiteElo "2808"]
[BlackElo "2696"]
[TimeControl "180+2"]
[EndTime "15:07:40 PDT"]
[Termination "Chebure won by resignation"]

1. e4 c5 2. d4 cxd4 3. c3 Nf6 4.
e5 Nd5 5. Nf3 Nc6 6. Bc4 Nb6 7.
Bb3 d5 8. exd6 Qxd6 9. O-O Be6 10. Na3 Bxb3 11. Qxb3 g6 12. Nb5 Qd7 13. Bf4 Rc8 14.
Ne5 Nxe5 15. Bxe5 Rc5 16. Nd6+ exd6 17. Bxh8 dxc3 18. Bf6 Be7 19. Rfe1 Nd5 20. Bxe7 Nxe7 21. bxc3 Kf8 22. Rad1 Nf5 23. Qa3 b6 24. Qb4 h5 25.
Qf4 Kg7 26. Rd3 Qc6 27. Qd2 Rc4 28. Rd5 Rc5 29. c4 Qa4 30. Qb2+ Kg8 31. Rxc5 bxc5 32. h3 Nd4 33. Qb8+ Kg7 34. Qxd6 Qxc4 35. Qe5+ Kh7 36. Qc7 Nf5 37. Qxa7 Qc3 38. Qxf7+ Kh6 39. Qf8+ Kg5 40. Qd8+ Kh6 41. Qd1 Kh7 42. Qc1 Qb4 43. a3 Qb6 44. Re5 Nd4 45. Re7+ Kg8 46. Qh6 Qb1+ 47.
Kh2 Qb8+ 48. g3 1-0

[Event "*** Titled Tuesday Blitz"]
[Site "Chess.com"]
[Date "2019.06.04"]
[Round "9"]
[White "PowerThinking2650"]
[Black "Komissarov_alex"]
[Result "1-0"]
[WhiteElo "2355"]
[BlackElo "2089"]
[TimeControl "180+2"]
[EndTime "15:07:41 PDT"]
[Termination "PowerThinking2650 won on time"]

1. e4 e5 2. Nf3 Nc6 3. Nc3 Nf6 4. d4 exd4 5. Nxd4 Bc5 6. Be3 Bb6 7. Nxc6 bxc6 8. Bxb6 axb6 9. e5 Qe7 10. f4 d6 11.
Qf3 Bd7 12. O-O-O dxe5 13. fxe5 Ng4 14. e6 Qxe6 15. Rxd7 Kxd7 16. Be2 Qe3+ 17. Kb1 Qxf3 18. Bxf3 Ne5 19. Rd1+ Ke7 20. Re1 f6 21. Bxc6 Rad8 22. Be4 Kf7 23. Nd5 Rd7 24. b3 Rhd8 25. c4 b5 26. Bf5 Rd6 27. Nxc7 bxc4 28. Bc2 Rd2 29. bxc4 Rxg2 30. c5 Rc8 31. Bb3+ Kg6 32. Ne6 Nd3 33. Bc2 Rxc2 34. Rg1+ Kf7 35. Kxc2 Nxc5 36. Nxg7 Ne6+ 37. Kb3 Nxg7 38. a4 Ne6 39. a5 Rb8+ 40. Kc4 Ng5 41. a6 Nf3 42. a7 1-0

[Event "*** Titled Tuesday Blitz"]
[Site "Chess.com"]
[Date "2019.06.04"]
[Round "9"]
[White "FMJoseHerrera"]
[Black "Keithonsky"]
[Result "0-1"]
[WhiteElo "2598"]
[BlackElo "2518"]
[TimeControl "180+2"]
[EndTime "15:07:42 PDT"]
[Termination "Keithonsky won on time"]

1. Nf3 Nf6 2. g3 g6 3. Bg2 Bg7 4. d3 O-O 5. Nc3 d6 6. h4 e5 7. h5 Nxh5 8. Bg5 f6 9. Bd2 c6 10. Qc1 d5 11. Bh6 Rf7 12. Bxg7 Nxg7 13. e4 Qa5 14. Qh6 Ne6 15. exd5 cxd5 16. Nd2 d4 17. Nc4 Qd8 18. Ne4 Nc6 19. Ned6 Rg7 20. Bd5 Ne7 21. Be4 Ng5 22. Bg2 Nf5 23. Nxf5 Bxf5 24. f4 exf4 25. gxf4 Nf7 26. Qh4 Rc8 27. O-O b5 28. Na3 a6 29.
Rfe1 g5 30. fxg5 Nxg5 31. Kh1 Rg6 32. Qf4 Qd7 33. c4 dxc3 34. bxc3 Bh3 35. Re2 Bxg2+ 36. Rxg2 Qh3+ 37. Rh2 Qxd3 38. Rg1 Qd5+ 39. Rgg2 Re8 40. Nc2 Re2 41. Ne3 Re1+ 42. Nf1 Ne6 43. Qb8+ Nf8 44. Qf4 a5 45. a3 a4 46. Kg1 Qc5+ 47. Kh1 Qc6 48.
Kg1 Qc5+ 49. Kh1 Qc4 50. Qf2 Rxf1+ 0-1

[Event "*** Titled Tuesday Blitz"]
[Site "Chess.com"]
[Date "2019.06.04"]
[Round "9"]
[White "VeraNebolsina"]
[Black "Spring199"]
[Result "1-0"]
[WhiteElo "2365"]
[BlackElo "2217"]
[TimeControl "180+2"]
[EndTime "15:07:43 PDT"]
[Termination "VeraNebolsina won by resignation"]

1. e4 e5 2. Nf3 Nc6 3. Bb5 a6 4. Ba4 Nf6 5. O-O Be7 6. Re1 b5 7. Bb3 O-O 8. c3 d5 9. d4 exd4 10.
e5 Ne4 11. cxd4 Bg4 12. Be3 Bb4 13. Rf1 f6 14. Qc2 Na5 15. Qxe4 Nxb3 16. Qxg4 Nxa1 17. Rc1 f5 18. Qg3 Qd7 19. Nc3 Bxc3 20. bxc3 f4 21. Bxf4 Qf5 22. Bh6 Rf7 23. Rxa1 Re8 24. h3 Re6 25.
Be3 Rg6 26. Nh4 Rxg3 27. Nxf5 Rg6 28. Nh4 Rc6 29. Bd2 Rc4 30. Nf3 Re7 31. Kf1 h6 32. Ke2 Kf7 33. Kd3 Re6 34. Ne1 Rec6 35. Nc2 Ra4 36. Nb4 Rg6 37. g4 c6 38. f4 c5 39.
dxc5 a5 40. f5 axb4 41. fxg6+ Kxg6 42. cxb4 Ra3+ 43. Bc3 Kg5 44. Kd4 h5 45. gxh5 Kxh5 46. e6 1-0

[Event "*** Titled Tuesday Blitz"]
[Site "Chess.com"]
[Date "2019.06.04"]
[Round "9"]
[White "europa2012"]
[Black "el-reptiliano"]
[Result "1/2-1/2"]
[WhiteElo "2160"]
[BlackElo "2204"]
[TimeControl "180+2"]
[EndTime "15:07:44 PDT"]
[Termination "Game drawn by repetition"]

1. d4 d5 2. c4 dxc4 3. e3 e5 4.
Bxc4 Nc6 5. Nf3 exd4 6. exd4 Bb4+ 7. Nc3 Nf6 8. O-O O-O 9. h3 h6 10. Be3 Bf5 11. a3 Bxc3 12. bxc3 Nd5 13. Qd2 Nb6 14.
Ba2 Na5 15. Ne5 Be6 16. Bxe6 fxe6 17. Qd3 Rf5 18. Qe4 Nd5 19. Ng4 Qd7 20. Ne5 Qe8 21.
Rac1 c5 22. c4 Nf6 23. Qc2 cxd4 24. Bxd4 Rc8 25. Qc3 b6 26. f4 Ne4 27. Qe3 Nd6 28. c5 bxc5 29. Bxc5 Nf7 30. Bxa7 Rxc1 31. Rxc1 Nxe5 32.
fxe5 Nc6 33. Bd4 Qd7 34. Rd1 Rxe5 35. Bxe5 Qxd1+ 36. Kh2 Qd5 37. Bc3 e5 38. Qb6 Qd6 39. Bb4 Qf6 40. Qe3 Nd4 41. Bc3 Nc6 42. Bb4 Qg6 43. Bc3 e4 44. a4 Qf5 45. a5 Nxa5 46.
Bxa5 Qxa5 47. Qxe4 Qc7+ 48. Kg1 Qc1+ 49. Kh2 Qc7+ 50. Kg1 Qc1+ 51. Kh2 Qc7+ 1/2-1/2

[Event "*** Titled Tuesday Blitz"]
[Site "Chess.com"]
[Date "2019.06.04"]
[Round "9"]
[White "Jbd735"]
[Black "51616516516"]
[Result "1-0"]
[WhiteElo "2435"]
[BlackElo "2321"]
[TimeControl "180+2"]
[EndTime "15:07:50 PDT"]
[Termination "Jbd735 won on time"]

1. e4 c5 2. Nf3 g6 3. c4 Nc6 4. d4 cxd4 5. Nxd4 Nf6 6. Nc3 d6 7.
Be2 Bg7 8. Be3 O-O 9. Nc2 Nd7 10. O-O Nc5 11. f3 f5 12. exf5 Bxf5 13. Qd2 a5 14.
Rac1 a4 15. Nd4 Nxd4 16. Bxd4 Bxd4+ 17. Qxd4 e5 18. Qe3 Be6 19. Rfd1 Ra6 20. Rd2 Qh4 21. Nb5 Rd8 22. g3 Qe7 23. Rcd1 Rb6 24. Nxd6 Nd7 25.
Ne4 Rc6 26. b3 axb3 27. axb3 Rf8 28. Qg5 Qxg5 29. Nxg5 Nc5 30. Rd6 Bf5 31. b4 Na4 32. c5 Nc3 33. Bc4+ Kh8 34. Rxc6 bxc6 35. Rd8 Rxd8 36. Nf7+ Kg7 37. Nxd8 e4 38. Nxc6 exf3 39.
Nd4 Be4 40. c6 Nd1 41. c7 f2+ 42. Kf1 Bb7 43. Be2 h5 44. Bxd1 1-0

[Event "*** Titled Tuesday Blitz"]
[Site "Chess.com"]
[Date "2019.06.04"]
[Round "9"]
[White "slowdumbb"]
[Black "Slovak_fighter2000"]
[Result "1-0"]
[WhiteElo "2489"]
[BlackElo "2480"]
[TimeControl "180+2"]
[EndTime "15:07:51 PDT"]
[Termination "slowdumbb won by checkmate"]

1. g3 d5 2. Bg2 Nc6 3. d3 e5 4. Nf3 Nf6 5. O-O Be7 6. c4 O-O 7. cxd5 Nxd5 8. Nc3 Be6 9. Bd2 Nb6 10. Rc1 Qd7 11. Ng5 Bxg5 12. Bxg5 Bh3 13. Ne4 Bxg2 14.
Kxg2 f6 15. Be3 Ne7 16. Qb3+ Qd5 17. Rxc7 Qxb3 18. axb3 Ned5 19. Rxb7 f5 20. Ng5 h6 21. Ne6 Rf7 22. Rxf7 Kxf7 23. Nc5 Rc8 24. d4 f4 25. gxf4 exd4 26. Bxd4 Nxf4+ 27. Kf3 g5 28. Ra1 Rc7 29. Ne4 Ne6 30. Bc3 Nd5 31. Nd6+ Kg6 32. Nb5 Rc5 33.
Nd4 Nef4 34. Ra6+ Kh5 35. Nf5 g4+ 36. Ke4 Kg5 37. Ng7 Nxc3+ 38. bxc3 Nxe2 39. Ne6+ Kh4 40. Nxc5 Nxc3+ 41. Kd3 Nd1 42. Rxa7 Nxf2+ 43. Ke2 Nh3 44. Nd3 Ng5 45. b4 Ne4 46. Ke3 Nc3 47. Nf4 h5 48. Ra5 g3 49. Rxh5+ Kg4 50. h3# 1-0

[Event "*** Titled Tuesday Blitz"]
[Site "Chess.com"]
[Date "2019.06.04"]
[Round "9"]
[White "Valuebet2000"]
[Black "Vuk2000"]
[Result "0-1"]
[WhiteElo "2548"]
[BlackElo "2716"]
[TimeControl "180+2"]
[EndTime "15:07:52 PDT"]
[Termination "Vuk2000 won by resignation"]

1. e4 e6 2. d4 d5 3. Nd2 Be7 4. Bd3 c5 5. exd5 Qxd5 6. Ngf3 Nf6 7. O-O cxd4 8. Bc4 Qc5 9. Bd3 O-O 10. Nb3 Qc7 11. Nbxd4 b6 12. Nb5 Qd8 13. Bg5 Bb7 14. Qe2 Nbd7 15. Rad1 Qb8 16. Nbd4 Nc5 17. Bc4 a5 18.
Ne5 Qc8 19. Nxf7 Kxf7 20. Rfe1 Bd5 21. Bxd5 Nxd5 22. c4 Nf6 23. b3 Re8 24. a3 h6 25.
Bh4 Bf8 26. b4 axb4 27. axb4 Ncd7 28. Nxe6 Qc6 29. Qd3 Rxe6 30. Rxe6 Qxe6 31. Bg3 Re8 32. h3 Bxb4 33. Rb1 Bc5 34. Rd1 Kg8 35. Qf3 Ne5 36.
Qb7 Nxc4 37. Qa6 Ne3 38. fxe3 Qxe3+ 39. Kh2 Qe6 40. Qd3 Qf7 41. Rc1 Ne4 42. Rf1 Qe6 43. Bf4 Bd6 44. Qe3 Bxf4+ 45. Rxf4 Nf6 46. Qc3 Qe5 47.
Qxe5 Rxe5 48. Rb4 b5 49. Kg3 Rc5 50. Kf3 Nd5 51. Rb2 Nb6 52. Ke4 b4 53. Kd4 Rb5 54. Kd3 b3 55. Kc3 Na4+ 0-1

[Event "*** Titled Tuesday Blitz"]
[Site "Chess.com"]
[Date "2019.06.04"]
[Round "9"]
[White "Gentlejimmy7"]
[Black "spicycaterpillar"]
[Result "0-1"]
[WhiteElo "2556"]
[BlackElo "2861"]
[TimeControl "180+2"]
[EndTime "15:07:55 PDT"]
[Termination "spicycaterpillar won by resignation"]

1. d4 Nf6 2. Nf3 g6 3. g3 Bg7 4. Bg2 O-O 5. O-O d5 6. c4 dxc4 7. Na3 c3 8. bxc3 c5 9. Bb2 Nc6 10. Re1 Ne4 11. Ne5 Nxe5 12. Bxe4 Nc6 13. e3 Qc7 14.
Rb1 Rd8 15. Nb5 Qa5 16. Qb3 Bg4 17. Na3 Qc7 18. Ba1 b6 19. Qa4 Rac8 20. d5 Ne5 21. f4 Nf3+ 22. Bxf3 Bxf3 23. c4 Bxa1 24. Rxa1 Be4 25. Qb3 Qd7 26. Nb5 e6 27. Nc3 exd5 28. Nxe4 dxe4 29. Rad1 Qe7 30. Rxd8+ Rxd8 31. Rd1 h5 32. Kf2 Rd6 33. Qc2 Rxd1 34. Qxd1 Qe6 35. Qc2 Qh3 36. Kg1 Qe6 37. a4 Qc6 38. Kg2 Kf8 39. Qb3 Qd7 40. Qc2 Qe6 41. a5 Kg8 42.
axb6 axb6 43. Qb3 Qd6 44. Qb1 Qd2+ 45. Kh3 Qxe3 46. Qxb6 Qd4 47. Qb8+ Kg7 48. Qe8 Qxc4 49. Qe5+ Kg8 50. Qe8+ Kh7 51. Kh4 Qe6 52. Qxe6 fxe6 53. Kh3 c4 54. Kg2 c3 0-1

[Event "*** Titled Tuesday Blitz"]
[Site "Chess.com"]
[Date "2019.06.04"]
[Round "9"]
[White "ENEASZ"]
[Black "pedro_gines"]
[Result "0-1"]
[WhiteElo "2493"]
[BlackElo "2407"]
[TimeControl "180+2"]
[EndTime "15:07:59 PDT"]
[Termination "pedro_gines won by resignation"]

1. e4 c6 2. d4 d5 3. e5 Bf5 4.
Nf3 e6 5. Be2 Nd7 6. O-O Ne7 7.
a4 h6 8. a5 g5 9. c4 dxc4 10.
Bxc4 Nd5 11. Nc3 Be7 12. Re1 g4 13. Nd2 h5 14. Nde4 Qc7 15. Be3 a6 16. Qa4 O-O-O 17. Rec1 Nxe3 18. fxe3 Kb8 19. b4 h4 20. b5 cxb5 21.
Bxb5 Nxe5 22. Bf1 h3 23. dxe5 Qxe5 24. g3 Bc5 25. Re1 Ba7 26. Rab1 Ka8 27. Qb4 Rd7 28. Re2 Rc8 29. Ree1 Rdc7 30. Rb3 Bc5 31. Qa4 Ba7 32. Qb4 Rb8 33. Qa4 Rd8 34. Qb4 Rcd7 35. Rbb1 Rc8 36. Qa4 Rdc7 37. Rb3 Rb8 38. Qb4 Bh7 39. Re2 f5 40.
Nf2 Bxe3 41. Rxe3 Qxe3 42. Nd1 Qc5 43. Qa4 e5 44. Qa2 f4 45. Qb2 fxg3 46. hxg3 Bc2 47. Rb4 Bxd1 48. Bxa6 Bf3 49. Bf1 Qc1 50. Qxc1 Rxc1 51.
a6 bxa6 52. Ra4 Rxf1+ 0-1